 Dungeon Crawl Stone Soup version 0.28.0-53-g5a82cb258f (webtiles) character file.

Game seed: 7998066109520590509

25 Doot the Sneak (level 3, -6/21 HPs)
             Began as an Octopode Hedge Wizard on June 17, 2022.
             Was an Initiate of Vehumet.
             Killed from afar by a frost-covered statue (9 damage)
             ... with a puff of frost
             ... on level 3 of the Dungeon.
             The game lasted 00:01:15 (521 turns).

Doot the Sneak (Octopode Hedge Wizard)               Turns: 521, Time: 00:01:16

Health: -6/21      AC:  1    Str:  9    XL:     3   Next: 6%
Magic:  8/8        EV: 13    Int: 18    God:    Vehumet [......]
Gold:   0          SH:  5    Dex: 11    Spells: 1/9 levels left

rFire   . . .      SeeInvis .   a - +0 dagger
rCold   . . .      Faith    .   (no shield)
rNeg    . . .      Spirit   .   b - +0 hat
rPois   .          Reflect  +   c - amulet of reflection
rElec   .          Harm     .   (no ring)
rCorr   .          Rampage  .   (no ring)
Will    .....                   (no ring)
Stlth   +++.......              (no ring)
HPRegen 0.07/turn               (no ring)
MPRegen 0.11/turn               (no ring)
                                (no ring)
                                (no ring)

@: no status effects
A: almost no armour, amphibious, 8 rings, camouflage 1, gelatinous body 1,
(nimble swimmer 1), tentacles
a: Renounce Religion


You were on level 3 of the Dungeon.
You worshipped Vehumet.
Vehumet was noncommittal.
You visited 1 branch of the dungeon, and saw 3 of its levels.

Inventory:

Hand Weapons
 a - a +0 dagger (weapon)
Armour
 b - a +0 hat (worn)
Magical Staves
 g - a staff of air
Jewellery
 c - an amulet of reflection (around mantle)
Scrolls
 d - a scroll of amnesia {unknown}
 e - 2 scrolls of teleportation {unknown}
 i - a scroll of identify {unknown}
Potions
 f - a potion of brilliance {unknown}
 h - a potion of resistance {unknown}


   Skills:
 + Level 2.0 Dodging
 + Level 3.6 Stealth
 + Level 3.5 Spellcasting
 + Level 1.2 Conjurations
 + Level 1.0 Summonings
 + Level 1.0 Translocations


You had one spell level left.
You knew the following spells:

 Your Spells              Type           Power      Damage    Failure   Level
a - Magic Dart            Conj           28%        1d4       10%         1
b - Blink                 Tloc           12%        N/A       16%         2
c - Call Imp              Summ           6%         N/A       16%         2
d - Conjure Flame         Conj/Fire      5%         6-21      36%         3

Your spell library contained the following spells:

 Spells                   Type           Power      Damage    Failure   Level
 Slow                     Hex            12%        N/A       16%         1
 Mephitic Cloud           Conj/Pois/Air  4%         N/A       36%         3


Dungeon Overview and Level Annotations

Branches:
Dungeon (3/15)

Altars:
Vehumet

Shops:
D:2 [

Annotations:
D:3 exclusion: statue


Innate Abilities, Weirdness & Mutations

You cannot wear most types of armour.
You are amphibious.
You can wear up to eight rings at the same time.
Your skin changes colour to match your surroundings (Stealth+).
Your rubbery body absorbs attacks. (AC +1, EV +1)
((You are camouflaged when in or above water. (Stealth+)))
You have tentacles for arms and can constrict up to eight enemies at once.


Message History

Found an escape hatch in the ceiling.
There is a stone staircase leading down here.
You climb downwards.
There is a stone staircase leading up here.
Unknown command.
A dart slug comes into view.
A dart slug is nearby!
The magic dart hits the dart slug.
The dart slug is heavily wounded.
The magic dart hits the dart slug.
The dart slug is almost dead.
The dart slug launches a dart at you.
The slug dart reflects off an invisible shield around you!
The slug dart hits the dart slug.
You kill the dart slug!
You have reached level 3!
Your experience leads to an increase in your attributes!
Increase (S)trength, (I)ntelligence, or (D)exterity?
You feel clever. x2
This spell is potentially lethal to cast!
Memorise Conjure Flame, consuming 3 spell levels and leaving 1?
You start memorising the spell.
You continue memorising. x3
You finish memorising.
Spell assigned to 'd'.
Magic restored.
A frost-covered statue comes into view.
Found a radiant altar of Vehumet.
Marking area around a frost-covered statue as unsafe for travelling.
There is a radiant altar of Vehumet here.
The frost-covered statue gestures at you.
The puff of frost hits you!
Ouch! That really hurt!
There is a radiant altar of Vehumet here.
You curl up in front of the altar of Vehumet.
Vehumet welcomes you!
The frost-covered statue gestures at you.
The puff of frost hits you!
* * * LOW HITPOINT WARNING * * *
The frost-covered statue gestures at you.
The puff of frost hits you!
You die...

#......<#......
#............#
#......#####.#
#......#...#
.#+###..#.8.#
........#...#
........#._.#
........#...#
.#......#..@#
#.###..#...# #.
#..##.##.# #
#........#
#........#
....†.......#
......########
....... #...###


You could see a frost-covered statue.

Vanquished Creatures
  An adder (D:2)
  2 dart slugs
  A bat (D:1)
  An endoplasm (D:2)
  A giant cockroach (D:1)
  2 goblins
  A hobgoblin (D:1)
  A quokka (D:1)
  A ball python (D:1)
  A rat (D:2)
12 creatures vanquished.

Notes
Turn   | Place    | Note
-------+----------+-------------------------------------------
     0 | D:1      | Doot the Octopode Hedge Wizard began the quest for the Orb.
     0 | D:1      | Reached XP level 1. HP: 11/11 MP: 4/4
   228 | D:1      | Reached XP level 2. HP: 17/17 MP: 6/6
   234 | D:1      | Learned a level 2 spell: Blink
   237 | D:1      | Learned a level 2 spell: Call Imp
   458 | D:2      | Found Lemomm's Antique Armour Shop.
   479 | D:3      | Reached XP level 3. HP: 21/21 MP: 5/8
   483 | D:3      | Learned a level 3 spell: Conjure Flame
   511 | D:3      | Found a radiant altar of Vehumet.
   511 | D:3      | Noticed a frost-covered statue
   519 | D:3      | Became a worshipper of Vehumet
   521 | D:3      | Killed from afar by a frost-covered statue

Illustrated notes

Levels and vault maps discovered:
D:1:      dpeg_arrival_chambers_temple_mockup, layout_loops_ring,
          hellmonk_ecumenical_altar_leap_of_faith
D:2:      layout_loops_ring, serial_shops, nicolae_shop_advertising_works
          [nicolae_subvault_shop_adworks], minivault_19, minmay_tromino_v7
D:3:      gammafunk_steamed_eel, layout_basic, vehumet_statue,
          serial_bayou_lagoon_a, kennysheep_pointless_box

Skill      XL: |  1  2 |
---------------+-------+-----
Stealth        | 3 |  3.6
Dodging        | |  2.0
Spellcasting   | |  3.5
Conjurations   | |  1.2
Summonings     | |  1.0
Translocations | |  1.0

Action                   || total
-------------------------++-------
Melee: Dagger            ||    17
       Constrict         ||     7
       Tentacles         ||     7
 Cast: Magic Dart        ||    12
 Stab: Sleeping          ||     3
Dodge: Dodged            ||     8
Block: Other             ||     4
       Reflection        ||     1
